 Dungeon Crawl Stone Soup version 0.30.1-11-g7821555f0a (webtiles) character file.

Game seed: 9022276264505101038

42 GimliDwarf the Grasshopper (level 3, -8/31 HPs)
             Began as a Gnoll Warper on Jan 9, 2024.
             Mangled by an iguana (10 damage)
             ... on level 2 of the Dungeon.
             The game lasted 00:02:12 (1128 turns).

GimliDwarf the Grasshopper (Gnoll Warper)           Turns: 1128, Time: 00:02:12

Health: -8/31      AC:  3    Str: 10    XL:     3   Next: 54%
Magic:  9/9        EV: 13    Int: 12    God:
Gold:   4          SH:  0    Dex: 13    Spells: 7/12 levels left

rFire   . . .        a - +0 falchion
rCold   . . .        (no shield)
rNeg    . . .        b - +0 leather armour
rPois   .            (no helmet)
rElec   .            (no cloak)
rCorr   .            (no gloves)
SInv    .            (no boots)
Will    .....        (no amulet)
Stlth   +            (no ring)
HPRegen 0.25/turn    (no ring)
MPRegen 0.11/turn

%: no passive effects
@: no status effects
A: fangs 1, strong nose, distributed training
a: no special abilities


You were on level 2 of the Dungeon.
You visited 1 branch of the dungeon, and saw 2 of its levels.

You collected 28 gold pieces.
You spent 24 gold pieces at shops.

Inventory:

Hand Weapons
 a - a +0 falchion (weapon)
Missiles
 d - 7 boomerangs of dispersal (quivered)
Armour
 b - a +0 leather armour (worn)
Scrolls
 c - a scroll of blinking
 f - a scroll of teleportation {unknown}
 g - a scroll of immolation {unknown}
 i - a scroll of fear {unknown}
 k - a scroll of poison {unknown}
Potions
 e - 5 potions of curing
 j - 3 potions of heal wounds
 l - a potion of resistance


   Skills:
 + Level 4.5 Fighting
 + Level 0.9 Short Blades
 + Level 4.5 Long Blades
 + Level 0.9 Axes
 + Level 0.9 Maces & Flails
 + Level 0.9 Polearms
 + Level 0.9 Staves
 + Level 0.9 Ranged Weapons
 + Level 2.6 Throwing
 + Level 2.6 Armour
 + Level 4.5 Dodging
 + Level 0.9 Stealth
 + Level 0.9 Shields
 + Level 0.9 Unarmed Combat
 + Level 5.0 Spellcasting
 + Level 0.6 Conjurations
 + Level 0.6 Hexes
 + Level 0.6 Summonings
 + Level 0.6 Necromancy
 + Level 5.4 Translocations
 + Level 0.6 Transmutations
 + Level 0.6 Fire Magic
 + Level 0.6 Ice Magic
 + Level 0.6 Air Magic
 + Level 0.6 Earth Magic
 + Level 0.6 Poison Magic
 + Level 1.0 Invocations
 + Level 0.9 Evocations


You had 7 spell levels left.
You knew the following spells:

 Your Spells              Type           Power      Damage    Failure   Level
a - Blink                 Tloc           32%        N/A       4%          2
b - Vhi's Electric Charg  Tloc/Air       20%        N/A       22%         3

Your spell library contained the following spells:

 Spells                   Type           Power      Damage    Failure   Level
 Lesser Beckoning         Tloc           32%        N/A       4%          2
 Teleport Other           Tloc           16%        N/A       9%          3
 Manifold Assault         Tloc           16%        N/A       28%         4


Dungeon Overview and Level Annotations

Branches:
Dungeon (2/15)

Altars:

Shops:
D:1 ?


Innate Abilities, Weirdness & Mutations

You have very sharp teeth.
Your uncanny sense of smell can sniff out nearby items.
Your experience applies equally to all skills.


Message History

No target in view!
HP restored.
j - 3 potions of heal wounds (gained 2)
Found an escape hatch in the ceiling.
l - a fuming golden potion
As you read the scroll of identify, it crumbles to dust.
l - a potion of resistance A goblin comes into view.
It is wielding a +0 dagger.
The goblin shouts!
A dart slug comes into view.
The dart slug launches a dart at you. The slug dart hits you.
The goblin barely misses you.
You closely miss the goblin. The goblin barely misses you.
You barely miss the goblin.
An iguana comes into view.
The goblin barely misses you.
The iguana hisses angrily.
You slash the goblin!
You kill the goblin!
The dart slug launches a dart at you.
The slug dart hits you but does no damage.
You see here a +0 dagger.
You hit the dart slug.
The dart slug is heavily wounded.
The dart slug closely misses you.
You slash the dart slug!
You kill the dart slug!
The iguana attacks as you move away! The iguana closely misses you.
The iguana attacks as you move away! The iguana closely misses you.
You closely miss the iguana. The iguana misses you.
You barely miss the iguana. The iguana misses you.
You hit the iguana but do no damage. The iguana barely misses you.
You closely miss the iguana. The iguana bites you!
You closely miss the iguana. The iguana bites you! x2
* * * LOW HITPOINT WARNING * * *
You are too injured to fight recklessly!
You are too injured to fight recklessly!
The iguana attacks as you move away! The iguana bites you!
You die...

.# #...# #.#.####
...#...<##
.#.#.#.#...#
.#...#...#...# ...#
#.#.#...######## #.#
...#.............
.....#.#.###.########
#.# ...# #@#
.....#.###l#
#.##...).# .....#.###
### #. .. ... ....
.....


You could see an iguana.

Vanquished Creatures
  2 dart slugs
  An orc (D:2)
  3 bats
  2 endoplasms
  2 giant cockroaches
  3 goblins
  3 hobgoblins
  4 jackals (D:1)
  2 ball pythons (D:1)
  2 frilled lizards (D:1)
  5 kobolds
  4 rats
33 creatures vanquished.

Notes
Turn   | Place    | Note
-------+----------+-------------------------------------------
     0 | D:1      | GimliDwarf the Gnoll Warper began the quest for the Orb.
     0 | D:1      | Reached XP level 1. HP: 20/20 MP: 6/6
   172 | D:1      | Reached XP level 2. HP: 21/26 MP: 7/7
   429 | D:1      | Found Wiwad's Magic Scroll Emporium.
   623 | D:1      | Reached skill level 5 in Spellcasting
   623 | D:1      | Reached XP level 3. HP: 31/31 MP: 7/9
   819 | D:1      | Bought a scroll of identify for 24 gold pieces
   851 | D:2      | Learned a level 2 spell: Blink
   855 | D:2      | Learned a level 3 spell: Vhi's Electric Charge
  1043 | D:2      | Reached skill level 1 in Invocations
  1128 | D:2      | Mangled by an iguana

Illustrated notes

Levels and vault maps discovered:
D:1:      dpeg_arrival_round_c, layout_basic, serial_shops, shop
D:2:      minmay_recursive_quarters, layout_loops_corners,
          nicolae_concentric_dashed_squares_mild

Skill      XL: |  1  2  3 |
---------------+----------+-----
Spellcasting   | 5 |  5.0
Invocations    | 1 |  1.0
Fighting       | |  4.5
Short Blades   | |  0.9
Long Blades    | |  4.5
Axes           | |  0.9
Maces & Flails | |  0.9
Polearms       | |  0.9
Staves         | |  0.9
Ranged Weapons | |  0.9
Throwing       | |  2.6
Armour         | |  2.6
Dodging        | |  4.5
Stealth        | |  0.9
Shields        | |  0.9
Unarmed Combat | |  0.9
Conjurations   | |  0.6
Hexes          | |  0.6
Summonings     | |  0.6
Necromancy     | |  0.6
Translocations | |  5.4
Transmutations | |  0.6
Fire Magic     | |  0.6
Ice Magic      | |  0.6
Air Magic      | |  0.6
Earth Magic    | |  0.6
Poison Magic   | |  0.6
Evocations     | |  0.9

Action                     || total
---------------------------++-------
  Melee: Falchion          ||   100
         Bite              ||     7
    Use: Scroll            ||     3
   Stab: Sleeping          ||     1
 Armour: Leather armour    ||    14
  Dodge: Dodged            ||    71
